 Dungeon Crawl Stone Soup version 0.23-a0-650-ga4d50d4 (webtiles) character file.

11727 gruber the Thaumaturge (level 11, -2/86 HPs)
             Began as a Gnoll Skald on Jan 6, 2019.
             Was an Initiate of Gozag.
             Killed from afar by an electric eel (8 damage)
             ... with a bolt of electricity
             ... on level 11 of the Dungeon.
             The game lasted 00:21:42 (9753 turns).

gruber the Thaumaturge (Gnoll Skald)                Turns: 9753, Time: 00:21:42

Health: -2/86      AC: 11    Str: 14    XL:     11   Next: 82%
Magic:  19/23      EV: 16    Int: 26    God:    Gozag
Gold:   1197       SH: 10    Dex: 14    Spells: 12/26 levels left

rFire    + . .     SeeInvis .   r - +10 mace of the Yoke {crush, rN+ Int+7}
rCold    . . .     Gourm    .   O - +0 buckler
rNeg     + + .     Faith    .   E - +3 leather armour {rF+}
rPois    +         Spirit   .   L - +2 helmet
rElec    .         Reflect  +   Q - +0 cloak
rCorr    .         Harm     .   (no gloves)
MR       .....                  (no boots)
Stlth    +++.......             B - +5 amulet of reflection
HPRegen  0.24/turn              I - ring of poison resistance
MPRegen  0.18/turn              F - ring of positive energy

@: no status effects
A: distributed training, fangs 1, strong nose
a: Potion Petition, Call Merchant, Bribe Branch, Renounce Religion


You were on level 11 of the Dungeon.
You worshipped Gozag.
Gozag was most pleased with you.
You were not hungry.

You visited 2 branches of the dungeon, and saw 12 of its levels.

You collected 1335 gold pieces.
You paid 138 gold pieces to Gozag.

Inventory:

Hand Weapons
 r - the +10 mace of the Yoke (weapon) {crush, rN+ Int+7}
   (You found it on level 4 of the Dungeon)

   It inflicts extra damage upon your enemies.
   It affects your intelligence (+7).
   It protects you from negative energy.
 s - a +2 hand crossbow of flaming
 S - the +4 morningstar "Puma" {pain, rPois MP+9}
   (You found it on level 11 of the Dungeon)

   In the hands of one skilled in necromantic magic, it inflicts extra damage on
   living creatures.
   It protects you from poison.
   It affects your magic capacity (+9).
Missiles
 t - 44 bolts
 G - 5 throwing nets (quivered)
Armour
 m - a +3 scale mail of cold resistance
 E - a +3 leather armour of fire resistance (worn)
 L - a +2 helmet (worn)
 O - a +0 buckler (worn)
 Q - a +0 cloak (worn)
Jewellery
 B - a +5 amulet of reflection (around neck)
 F - a ring of positive energy (right hand)
 I - a ring of poison resistance (left hand)
Wands
 b - a wand of digging (9)
 k - a wand of flame (20)
 n - a wand of iceblast (6)
 C - a wand of scattershot (5)
 D - a wand of paralysis (13)
 J - a wand of enslavement (9)
 N - a wand of random effects (13)
 P - a wand of disintegration (5)
Scrolls
 c - 17 scrolls of identify
 h - 3 scrolls of magic mapping {unknown}
 j - a scroll of fog {unknown}
 l - 2 scrolls of fear {unknown}
 p - 2 scrolls of immolation {unknown}
 q - 5 scrolls of remove curse {unknown}
 v - 3 scrolls of teleportation {unknown}
 y - 2 scrolls of vulnerability {unknown}
 z - a scroll of noise {unknown}
 A - 4 scrolls of enchant weapon {unknown}
 K - a scroll of brand weapon {unknown}
Potions
 a - a potion of agility {unknown}
 e - 3 potions of heal wounds
 f - 3 potions of mutation {unknown}
 g - a potion of invisibility {unknown}
 o - a potion of brilliance {unknown}
 u - a potion of haste {unknown}
 w - 2 potions of ambrosia {unknown}
 x - a potion of curing {unknown}
 H - 2 potions of lignification {unknown}
 R - a potion of flight {unknown}
Comestibles
 d - 16 rations


   Skills:
 + Level 8.1 Fighting
 + Level 6.5 Short Blades
 + Level 6.5 Long Blades
 + Level 6.5 Axes
 + Level 6.5 Maces & Flails
 + Level 8.1 Polearms
 + Level 6.5 Staves
 + Level 6.5 Slings
 + Level 6.5 Bows
 + Level 6.5 Crossbows
 + Level 6.5 Throwing
 + Level 7.1 Armour
 + Level 8.1 Dodging
 + Level 6.5 Stealth
 + Level 6.5 Shields
 + Level 6.5 Unarmed Combat
 + Level 8.3 Spellcasting
 + Level 5.4 Conjurations
 + Level 5.4 Hexes
 + Level 7.8 Charms
 + Level 5.4 Summonings
 + Level 5.4 Necromancy
 + Level 5.4 Translocations
 + Level 5.4 Transmutations
 + Level 5.4 Fire Magic
 + Level 5.4 Ice Magic
 + Level 5.4 Air Magic
 + Level 5.4 Earth Magic
 + Level 5.4 Poison Magic
 + Level 7.2 Invocations
 + Level 6.5 Evocations


You had 12 spell levels left.
You knew the following spells:

 Your Spells              Type           Power        Failure   Level  Hunger
a - Infusion              Chrm           ####         1%          1    None
b - Shroud of Golubria    Chrm/Tloc      #####.....   1%          2    None
c - Regeneration          Chrm/Necr      #####.....   1%          3    None
d - Spectral Weapon       Hex/Chrm       #####...     1%          3    None
e - Call Imp              Summ           #####...     1%          2    None
f - Call Canine Familiar  Summ           #####...     1%          3    None

Your spell library contained the following spells:

 Spells                   Type           Power        Failure   Level  Hunger
 Beastly Appendage        Tmut           #####.       1%          1    None
 Shock                    Conj/Air       ####         1%          1    None
 Summon Small Mammal      Summ           ####         1%          1    None
 Song of Slaying          Chrm           ######..     1%          2    None
 Sticks to Snakes         Tmut           #####...     1%          2    None
 Swiftness                Chrm/Air       #####...     1%          2    None
 Spider Form              Tmut/Pois      #####.....   1%          3    None
 Static Discharge         Conj/Air       #####...     1%          3    None
 Summon Guardian Golem    Hex/Summ       #####...     1%          3    None
 Airstrike                Air            #####.....   7%          4    ##.....
 Ice Form                 Ice/Tmut       #####...     7%          4    ##.....
 Summon Ice Beast         Ice/Summ       #####...     7%          4    ##.....
 Summon Lightning Spire   Summ/Air       #####...     7%          4    ##.....
 Blade Hands              Tmut           #####.....   19%         5    ####...
 Lightning Bolt           Conj/Air       #####.....   19%         5    ####...


Dungeon Overview and Level Annotations

Branches:
Dungeon (11/15)            Temple (1/1) D:5
   Lair: D:8-11         Orc: D:9-12

Altars:
Ashenzari
Cheibriados
Dithmenos
Elyvilon
Fedhas
Gozag
Hepliaklqana
Kikubaaqudgha
Makhleb
Nemelex Xobeh
Okawaru
Qazlal
Ru
Sif Muna
Trog
Uskayaw
Vehumet
Wu Jian
Xom
Yredelemnul
Zin
The Shining One


Innate Abilities, Weirdness & Mutations

Your experience applies equally to all skills.
You have very sharp teeth.
Your uncanny sense of smell can sniff out nearby items.


Message History

The bolt of electricity hits you!
You hear an angry hiss.
Unknown command.
Casting: Spectral Weapon (safe; 1% risk of failure)
Confirm with . or Enter, or press ? or * to list all spells.
An adder comes into view.
The electric eel shoots out a bolt of lightning at you!
The bolt of electricity hits you! The bolt of electricity hits your wolf.
The electric eel shoots out a bolt of lightning at you!
The bolt of electricity hits you!
* * * LOW HITPOINT WARNING * * *
Unknown command.
Unknown command.
The electric eel shoots out a bolt of lightning at you!
The bolt of electricity hits your wolf. The bolt of electricity hits you!
* * * LOW HITPOINT WARNING * * *
The electric eel shoots out a bolt of lightning at you!
The bolt of electricity hits you!
You die...
Your body crumbles into a pile of gold.

.#..# #$.....≈. .#..#
#...≈≈..≈≈≈ .#..#
#...≈.≈.≈≈≈ .#..#
#.$.≈≈≈≈≈≈≈ .#..#
##..≈≈≈≈≈≈.≈ ....#
#...≈≈≈≈≈≈.≈ ##..#
######## #...........
....#
#......####...≈≈;≈≈≈..
###.#
#........@.#.....S≈≈≈.
###.#
#.....)###..h$≈S;≈≈≈≈≈
h...# #......#
#.....≈≈≈≈≈≈≈ #####
#......# #.#.....≈≈..≈
##.....# #.$....≈.....
#########.....#
###..........
........#.....#
###########
#######.#.....#
#.#.#####


You could see 2 electric eels, an adder and a friendly wolf.

Vanquished Creatures
  Harold (D:7)
  2 two-headed ogres
  An unseen horror (D:10)
  An ugly thing (D:11)
  A manticore (D:11)
  Maurice (D:9)
  Joseph (D:9)
  A kobold demonologist (D:11)
  A komodo dragon (D:10)
  A troll (D:11)
  A slime creature (D:7)
  Grinder (D:5)
  Eustachio (D:5)
  A hungry ghost (D:11)
  Edmund (D:5)
  Menkaure (D:5)
  Duvessa (D:5)
  5 orc warriors
  3 ice beasts
  A sky beast (D:8)
  A black bear (D:8)
  3 phantoms
  A necrophage (D:6)
  An eye of draining (D:9)
  8 ogres
  3 centaurs
  3 wolves (D:11)
  A big kobold (D:9)
  6 bullfrogs
  A wyvern zombie (D:9)
  Dowan (D:5)
  A wyvern skeleton (D:8)
  2 scorpions
  12 killer bees
  4 wights (D:8)
  A howler monkey (D:5)
  6 crimson imps
  A centaur zombie (D:5)
  2 bullfrog zombies
  2 quasits
  6 hounds
  2 bullfrog skeletons
  8 jellies
  3 centaur skeletons
  Jessica (D:2)
  7 iguanas
  7 worker ants
  Terence (D:2)
  7 orc wizards
  A killer bee zombie (D:10)
  2 hound skeletons
  7 gnolls
  10 adders
  4 shadow imps
  6 oozes
  2 adder zombies
  An adder skeleton (D:10)
  5 worms
  A dart slug (D:1)
  6 leopard geckos
  23 orcs
  3 ball pythons
  6 bats
  3 giant cockroaches
  12 goblins
  11 hobgoblins
  9 jackals
  11 kobolds
  8 quokkas
  2 frilled lizards
  2 leopard gecko skeletons
  A quokka zombie (D:9)
  23 rats
288 creatures vanquished.

Vanquished Creatures (collateral kills)
  A wraith (D:11)
  A phantom (D:9)
  An ogre (D:6)
  A centaur (D:6)
  A gnoll sergeant (D:9)
  A wyvern skeleton (D:9)
  2 jellies (D:7)
  4 oozes (D:7)
  An orc (D:6)
  A ball python (D:8)
  2 kobolds (D:9)
16 creatures vanquished.

Vanquished Creatures (others)
  10 fungi (D:7)
  5 spectral weapons
15 creatures vanquished.

Grand Total: 319 creatures vanquished

Notes
Turn   | Place    | Note
-------+----------+-------------------------------------------
     0 | D:1      | gruber the Gnoll Skald began the quest for the Orb.
     0 | D:1      | Reached XP level 1. HP: 20/20 MP: 6/6
    18 | D:1      | Reached XP level 2. HP: 26/26 MP: 0/7
   152 | D:1      | Learned a level 2 spell: Shroud of Golubria
   205 | D:1      | Reached XP level 3. HP: 31/31 MP: 6/9
   241 | D:1      | Reached skill level 5 in Spellcasting
   566 | D:1      | Reached skill level 1 in Invocations
   861 | D:2      | Learned a level 3 spell: Regeneration
   872 | D:2      | Reached skill level 1 in Short Blades
   872 | D:2      | Reached skill level 1 in Long Blades
   872 | D:2      | Reached skill level 1 in Axes
   872 | D:2      | Reached skill level 1 in Maces & Flails
   872 | D:2      | Reached skill level 1 in Staves
   872 | D:2      | Reached skill level 1 in Slings
   872 | D:2      | Reached skill level 1 in Bows
   872 | D:2      | Reached skill level 1 in Crossbows
   872 | D:2      | Reached skill level 1 in Throwing
   872 | D:2      | Reached skill level 1 in Stealth
   872 | D:2      | Reached skill level 1 in Shields
   872 | D:2      | Reached skill level 1 in Unarmed Combat
   872 | D:2      | Reached skill level 1 in Evocations
   877 | D:2      | Learned a level 3 spell: Spectral Weapon
   944 | D:2      | Reached XP level 4. HP: 25/38 MP: 9/11
  1033 | D:2      | Found a shattered altar of Ashenzari.
  1267 | D:2      | Noticed Terence
  1285 | D:2      | Killed Terence
  1285 | D:2      | Reached skill level 1 in Conjurations
  1285 | D:2      | Reached skill level 1 in Hexes
  1285 | D:2      | Reached skill level 1 in Summonings
  1285 | D:2      | Reached skill level 1 in Necromancy
  1285 | D:2      | Reached skill level 1 in Translocations
  1285 | D:2      | Reached skill level 1 in Transmutations
  1285 | D:2      | Reached skill level 1 in Fire Magic
  1285 | D:2      | Reached skill level 1 in Ice Magic
  1285 | D:2      | Reached skill level 1 in Air Magic
  1285 | D:2      | Reached skill level 1 in Earth Magic
  1285 | D:2      | Reached skill level 1 in Poison Magic
  1458 | D:2      | Found a radiant altar of Vehumet.
  1500 | D:2      | Noticed Jessica
  1514 | D:2      | Killed Jessica
  1514 | D:2      | Reached XP level 5. HP: 15/43 MP: 6/12
  1609 | D:2      | Found a hazy altar of Hepliaklqana.
  1609 | D:2      | Found a bloodstained altar of Trog.
  1610 | D:2      | Found a sparkling altar of Nemelex Xobeh.
  2319 | D:4      | Reached XP level 6. HP: 46/50 MP: 2/13
  2322 | D:4      | Got a scorched mace
  2404 | D:4      | Identified the +10 mace of the Yoke {crush, rN+ Int+7} (You
                  | found it on level 4 of the Dungeon)
  2655 | D:4      | Found an ornate altar of the Wu Jian Council.
  2878 | D:4      | Reached skill level 5 in Fighting
  2878 | D:4      | Reached skill level 5 in Polearms
  2878 | D:4      | Reached skill level 5 in Dodging
  2937 | D:4      | Learned a level 2 spell: Call Imp
  2941 | D:4      | Learned a level 3 spell: Call Canine Familiar
  3009 | D:4      | Reached XP level 7. HP: 43/56 MP: 15/15
  3300 | D:4      | Found a blossoming altar of Fedhas.
  3326 | D:5      | Entered Level 5 of the Dungeon
  3421 | D:5      | Found a staircase to the Ecumenical Temple.
  3428 | D:5      | Noticed Menkaure
  3439 | D:5      | Killed Menkaure
  3442 | Temple   | Entered the Ecumenical Temple
  3565 | D:5      | Noticed Eustachio
  3700 | D:5      | Noticed Dowan
  3858 | D:5      | Noticed Edmund
  3870 | D:5      | Killed Edmund
  3870 | D:5      | Reached XP level 8. HP: 54/63 MP: 6/16
  3964 | D:5      | Noticed Grinder
  3978 | D:5      | Killed Grinder
  4060 | D:5      | Killed Eustachio
  4139 | D:5      | Noticed Duvessa
  4172 | D:5      | Killed Duvessa
  4174 | D:5      | Killed Dowan
  4571 | D:6      | Reached XP level 9. HP: 23/69 MP: 11/18
  4817 | D:6      | Got a brightly glowing robe
  4818 | D:6      | Identified the +2 robe of Fezegh {-Tele Regen+ Int+2} (You
                  | found it on level 6 of the Dungeon)
  5077 | D:6      | Reached skill level 5 in Armour
  5141 | D:6      | Found a burning altar of Makhleb.
  5267 | D:7      | Noticed Harold
  5281 | D:7      | Killed Harold
  5281 | D:7      | Reached skill level 5 in Invocations
  5281 | D:7      | Reached XP level 10. HP: 55/77 MP: 14/20
  5647 | D:7      | Reached skill level 5 in Short Blades
  5647 | D:7      | Reached skill level 5 in Long Blades
  5647 | D:7      | Reached skill level 5 in Axes
  5647 | D:7      | Reached skill level 5 in Maces & Flails
  5647 | D:7      | Reached skill level 5 in Staves
  5647 | D:7      | Reached skill level 5 in Slings
  5647 | D:7      | Reached skill level 5 in Bows
  5647 | D:7      | Reached skill level 5 in Crossbows
  5647 | D:7      | Reached skill level 5 in Throwing
  5647 | D:7      | Reached skill level 5 in Stealth
  5647 | D:7      | Reached skill level 5 in Shields
  5647 | D:7      | Reached skill level 5 in Unarmed Combat
  5647 | D:7      | Reached skill level 5 in Evocations
  5849 | D:7      | Found an opulent altar of Gozag.
  5994 | D:7      | Became a worshipper of Gozag Ym Sagoz the Greedy
  6033 | D:7      | Found a hide-covered altar of Uskayaw.
  6768 | D:9      | Got a twisted mace
  6769 | D:9      | Identified the +8 mace of the Dragonfly {vamp, +Fly} (You
                  | found it on level 9 of the Dungeon)
  6854 | D:9      | Noticed Joseph
  6892 | D:9      | Killed Joseph
  7094 | D:9      | Found an iron altar of Okawaru.
  7113 | D:9      | Reached XP level 11. HP: 79/84 MP: 22/22
  7254 | D:9      | Noticed Maurice
  7268 | D:9      | Killed Maurice
  7574 | D:9      | Noticed a two-headed ogre
  7584 | D:9      | Killed a two-headed ogre
  7622 | D:10     | Entered Level 10 of the Dungeon
  7738 | D:10     | Reached skill level 5 in Conjurations
  7738 | D:10     | Reached skill level 5 in Hexes
  7738 | D:10     | Reached skill level 5 in Summonings
  7738 | D:10     | Reached skill level 5 in Necromancy
  7738 | D:10     | Reached skill level 5 in Translocations
  7738 | D:10     | Reached skill level 5 in Transmutations
  7738 | D:10     | Reached skill level 5 in Fire Magic
  7738 | D:10     | Reached skill level 5 in Ice Magic
  7738 | D:10     | Reached skill level 5 in Air Magic
  7738 | D:10     | Reached skill level 5 in Earth Magic
  7738 | D:10     | Reached skill level 5 in Poison Magic
  7952 | D:10     | Killed an unseen horror
  9073 | D:11     | Noticed a purple ugly thing
  9088 | D:11     | Killed a purple ugly thing
  9155 | D:11     | Noticed a two-headed ogre
  9157 | D:11     | Noticed a manticore
  9185 | D:11     | Killed a two-headed ogre
  9200 | D:11     | Killed a manticore
  9225 | D:11     | Got a scorched morningstar
  9226 | D:11     | Identified the +4 morningstar "Puma" {pain, rPois MP+9}
                  | (You found it on level 11 of the Dungeon)
  9753 | D:11     | Killed from afar by an electric eel

Vault maps used:
D:1:      erik_arrival_orb_chamber
D:2:      gammafunk_temple_overflow_claw, nicolae_ashenzari_panopticon,
          lemuel_coloured_pillars_altar, uniq_terence, uniq_jessica
D:3:      kennysheep_generic_room_5
D:4:      kennysheep_little_box, fedhas_altar_4, lemuel_flame_loot_1
D:5:      minmay_temple_entry_arrows, first_ration, hex_large,
          minmay_misc_feat_x, uniq_edmund, uniq_eustachio, uniq_menkaure,
          uniq_grinder, uniq_duvessa
D:6:      minmay_bubble_buster, makhleb_blood_cavern_becter
D:7:      lemuel_slime, nicolae_gozag_seed_capital, basic_altar, uniq_harold
D:9:      kennysheep_mini, grunt_ogre_cave, uniq_joseph, uniq_maurice
D:11:     erik_lair_island, orc_0_dummy
Temple:   cyrus_circular_temple

Skill      XL: |  1  2  3  4  5  6  7  8  9 10 11 |
---------------+----------------------------------+-----
Spellcasting   | 5 6 7 8 |  8.3
Invocations    | 1 2 3 4 5 6 7 |  7.2
Short Blades   | 1 2 3 4 5 6 |  6.5
Long Blades    | 1 2 3 4 5 6 |  6.5
Axes           | 1 2 3 4 5 6 |  6.5
Maces & Flails | 1 2 3 4 5 6 |  6.5
Staves         | 1 2 3 4 5 6 |  6.5
Slings         | 1 2 3 4 5 6 |  6.5
Bows           | 1 2 3 4 5 6 |  6.5
Crossbows      | 1 2 3 4 5 6 |  6.5
Throwing       | 1 2 3 4 5 6 |  6.5
Stealth        | 1 2 3 4 5 6 |  6.5
Shields        | 1 2 3 4 5 6 |  6.5
Unarmed Combat | 1 2 3 4 5 6 |  6.5
Evocations     | 1 2 3 4 5 6 |  6.5
Conjurations   | 1 2 3 4 5 |  5.4
Hexes          | 1 2 3 4 5 |  5.4
Summonings     | 1 2 3 4 5 |  5.4
Necromancy     | 1 2 3 4 5 |  5.4
Translocations | 1 2 3 4 5 |  5.4
Transmutations | 1 2 3 4 5 |  5.4
Fire Magic     | 1 2 3 4 5 |  5.4
Ice Magic      | 1 2 3 4 5 |  5.4
Air Magic      | 1 2 3 4 5 |  5.4
Earth Magic    | 1 2 3 4 5 |  5.4
Poison Magic   | 1 2 3 4 5 |  5.4
Armour         | 3 4 5 6 7 |  7.1
Fighting       | 5 6 7 8 |  8.1
Polearms       | 5 6 7 8 |  8.1
Dodging        | 5 6 7 8 |  8.1
Charms         | 6 7 |  7.8

Action                   |  1- 3 |  4- 6 |  7- 9 | 10-12 || total
-------------------------+-------+-------+-------+-------++-------
Melee: Spear             |   106 |   145 |       |       ||   251
       Bite              |     6 |    20 |    12 |    33 ||    71
       Mace              |       |    40 |   151 |   347 ||   538
       Punch             |       |     1 |     2 |     6 ||     9
 Cast: Infusion          |     7 |    10 |     5 |     5 ||    27
       Regeneration      |       |     6 |     7 |     7 ||    20
       Spectral Weapon   |       |     6 |    17 |    33 ||    56
       Shroud of Golubri |       |     3 |     5 |     6 ||    14
       Call Canine Famil |       |       |     5 |    21 ||    26
  Use: Scroll            |       |       |     2 |     2 ||     4
       Potion            |       |       |       |     1 ||     1
 Stab: Sleeping          |     3 |     2 |     7 |     7 ||    19
       Distracted        |       |     1 |       |     3 ||     4
  Eat: Chunk             |       |     8 |     7 |     4 ||    19
       Ration            |       |       |       |     4 ||     4
Armor: Leather armour    |     9 |    24 |    42 |    90 ||   165
Dodge: Dodged            |    32 |   120 |   118 |   222 ||   492
Block: Other             |       |       |     8 |    34 ||    42
       Buckler           |       |       |       |    76 ||    76

Table legend:
 A = Non-vault XP
 B = Vault XP
 C = Vault XP percentage of total XP
 D = Non-vault monster count
 E = Vault monster count
 F = Vault count percentage of total count
                 A         B        C        D         E       F
            +---------+---------+-------+---------+---------+-------
      Total |   10896 |    5858 |  35.0 |     240 |      64 |  21.1
            +---------+---------+-------+---------+---------+-------
        D:1 |      52 |      12 |  18.8 |      26 |      12 |  31.6
        D:2 |      62 |      73 |  54.1 |      26 |       2 |   7.1
        D:3 |      48 |       3 |   5.9 |      18 |       2 |  10.0
        D:4 |     383 |       0 |   0.0 |      17 |       0 |   0.0
        D:5 |     443 |    1074 |  70.8 |      18 |       6 |  25.0
        D:6 |     553 |     762 |  57.9 |      11 |      14 |  56.0
        D:7 |    1818 |    1494 |  45.1 |      34 |      18 |  34.6
        D:8 |    1229 |       0 |   0.0 |      20 |       0 |   0.0
        D:9 |     959 |    1696 |  63.9 |      23 |       3 |  11.5
       D:10 |    1992 |       0 |   0.0 |      24 |       0 |   0.0
       D:11 |    3357 |     744 |  18.1 |      23 |       7 |  23.3
            +---------+---------+-------+---------+---------+-------
